 Dungeon Crawl Stone Soup version 0.26-a0-1026-g544776af23 (webtiles) character file.

Game seed: 10778815053937774589

873 sahdkjhfkaj the Zephyrmancer (level 8, -3/41 HPs)
             Began as a Tengu Air Elementalist on Dec 9, 2020.
             Slain by a centaur skeleton (6 damage)
             ... on level 6 of the Dungeon.
             The game lasted 00:08:55 (8329 turns).

sahdkjhfkaj the Zephyrmancer (TeAE)                 Turns: 8329, Time: 00:08:55

Health: -3/41      AC:  2    Str:  8    XL:     8   Next: 4%
Magic:  12/12      EV: 15    Int: 18    God:
Gold:   311        SH:  0    Dex: 15    Spells: 5/11 levels left

rFire    . . .     SeeInvis .   (no weapon)
rCold    . . .     Faith    .   (no shield)
rNeg     . . .     Spirit   .   a - +0 robe
rPois    .         Reflect  .   (helmet restricted)
rElec    .         Harm     .   (no cloak)
rCorr    .         Rampage  .   (no gloves)
Will     .....                  (boots unavailable)
Stlth    ++........             b - amulet of magic regeneration
HPRegen  0.13/turn              (no ring)
MPRegen  0.38/turn              (no ring)

@: flying quickly and evasively, quick
A: beak, talons 3, able to fly
a: Stop Flying


You were on level 6 of the Dungeon.
You visited 1 branch of the dungeon, and saw 6 of its levels.

You collected 311 gold pieces.

Inventory:

Armour
 a - a +0 robe (worn)
Jewellery
 b - an amulet of magic regeneration (around neck)
 q - an uncursed amulet of regeneration {unknown}
Wands
 m - a wand of flame (46)
Scrolls
 d - 3 scrolls of fog
 f - 2 scrolls of magic mapping
 g - 3 scrolls of enchant armour
 h - a scroll of teleportation {@r3}
 j - a scroll of fear
 l - 3 scrolls of remove curse {@r2}
Potions
 c - 2 potions of heal wounds {unknown}
 e - a potion of degeneration {unknown}
 k - 2 potions of attraction {unknown}
 n - a potion of curing {unknown}
 o - a potion of might {unknown}
 p - a potion of lignification


   Skills:
 - Level 2.1 Dodging
 - Level 2.0 Stealth
 - Level 2.0 Spellcasting
 + Level 8.7 Conjurations
 + Level 8.7 Air Magic


You had 5 spell levels left.
You knew the following spells:

 Your Spells              Type           Power        Failure   Level
a - Shock                 Conj/Air       ####         1%          1
w - Lightning Bolt        Conj/Air       ####......   14%         5

Your spell library contained the following spells:

 Spells                   Type           Power        Failure   Level
 Swiftness                Air            ####....     1%          2
 Static Discharge         Conj/Air       ####....     1%          3
 Airstrike                Air            ####......   4%          4


Dungeon Overview and Level Annotations

Branches:
Dungeon (6/15)
 Temple: D:4-7

Altars:
Ashenzari
Fedhas
Gozag
Yredelemnul


Innate Abilities, Weirdness & Mutations

You have a beak for a mouth.
You have claws for feet.
You can fly continuously.


Message History

An orc priest comes into view. It is wielding a +0 morningstar.
The orc priest shouts!
An orc comes into view. It is wielding a +0 club.
The orc shouts!
You hear an angry hiss.
You hear a croak.
The orc warrior barely misses you.
An orc wizard comes into view. It is wielding a +0 dagger.
Found a flail.
Found a stone staircase leading down and a stone staircase leading up.
An orc warrior comes into view. It is wielding a +0 scimitar.
Blink to where?
Press: ? - help, Dir - move target
As you read the scroll of blinking {@r4}, it crumbles to dust.
An adder and a skeleton come into view.
The adder barely misses you. The orc wizard casts a spell at you.
The puff of flame misses you.
The orc priest begins to cast a cantrip, but forgets the words!
The adder misses you. The centaur skeleton hits you.
You die...

##########
#........#
#..@S....#
#..Z.....#
######........#
........#.#####
.....)..#.#
.....oo.#.#
....>o..#.#
......oo#.#
........#


You could see an orc warrior, an orc priest, 2 orc wizards, an adder, an orc and
a centaur skeleton.

Vanquished Creatures
  Duvessa (D:5)
  An ogre (D:4)
  A centaur (D:4)
  Dowan (D:5)
  A scorpion (D:4)
  A bullfrog zombie (D:5)
  A hound (D:4)
  An orc priest (D:4)
  2 orc wizards
  2 iguanas
  Natasha (thrice) (D:3)
  A hound skeleton (D:5)
  4 gnolls
  8 adders
  A white imp (D:6)
  2 ufetubi (D:5)
  An ooze (D:1)
  A worm (D:3)
  5 dart slugs
  3 leopard geckos
  14 orcs
  A ball python (D:5)
  2 giant cockroaches
  5 goblins
  3 hobgoblins
  6 jackals
  2 quokkas
  5 bats
  2 frilled lizards
  3 kobolds (D:2)
  3 rats
87 creatures vanquished.

Notes
Turn   | Place    | Note
-------+----------+-------------------------------------------
     0 | D:1      | sahdkjhfkaj the Tengu Air Elementalist began the quest for
                  | the Orb.
     0 | D:1      | Reached XP level 1. HP: 10/10 MP: 4/4
   213 | D:1      | Reached XP level 2. HP: 5/15 MP: 0/6
   643 | D:1      | Reached XP level 3. HP: 19/19 MP: 3/7
  1954 | D:2      | Reached XP level 4. HP: 24/24 MP: 4/8
  2376 | D:3      | Found a broken altar of Ashenzari.
  2402 | D:3      | Reached skill level 5 in Conjurations
  2402 | D:3      | Reached skill level 5 in Air Magic
  2741 | D:3      | Noticed Natasha
  2747 | D:3      | Killed Natasha
  2748 | D:3      | Gained mutation: You can fly continuously. [Tengu growth]
  2748 | D:3      | Reached XP level 5. HP: 23/28 MP: 2/9
  2754 | D:3      | Learned a level 5 spell: Lightning Bolt
  3145 | D:3      | You are sucked into a shaft and drop 1 floor!
  3211 | D:4      | Found a blossoming altar of Fedhas.
  3212 | D:4      | Noticed a centaur
  3327 | D:3      | Noticed Natasha
  3333 | D:3      | Killed Natasha
  3334 | D:3      | Reached XP level 6. HP: 23/32 MP: 3/10
  3731 | D:3      | Found a basalt altar of Yredelemnul.
  3757 | D:3      | Noticed Natasha
  4153 | D:3      | Killed Natasha
  5630 | D:4      | Reached XP level 7. HP: 22/36 MP: 8/11
  5991 | D:5      | Entered Level 5 of the Dungeon
  6415 | D:5      | Found an opulent altar of Gozag.
  7427 | D:6      | Noticed Duvessa
  7427 | D:6      | Noticed Dowan
  7607 | D:5      | HP: 1/36 [Duvessa/+1 short sword of flaming (2)]
  8186 | D:5      | Killed Duvessa
  8186 | D:5      | Killed Dowan
  8187 | D:5      | Reached XP level 8. HP: 41/41 MP: 2/12
  8329 | D:6      | Slain by a centaur skeleton

Illustrated notes

Levels and vault maps discovered:
D:1:      scummos_arrival_checkerplants, layout_basic
D:2:      minmay_chambers_of_ones, layout_basic, st_stairs_5,
          chequers_serial_rivers_small_a
D:3:      layout_loops_cross, evilmike_ruin_ashenzari, chequers_garden,
          yredelemnul_altar_generic, uniq_natasha
D:4:      layout_basic, fedhas_bush_and_centaur_altar
D:5:      layout_basic, grunt_gozag_breadcrumbs, nicolae_sextant, st_stairs_14
D:6:      layout_rooms, okawaru_gym_becter, minmay_temple_entry_trees,
          serial_shops, shop, uniq_duvessa

Skill      XL: |  1  2  3  4  5  6  7 |
---------------+----------------------+-----
Conjurations   | 3 4 5 6 7 8 |  8.7
Air Magic      | 5 6 7 8 |  8.7
Dodging        | |  2.1
Stealth        | |  2.0
Spellcasting   | |  2.0

Action                   |  1- 3 |  4- 6 |  7- 9 || total
-------------------------+-------+-------+-------++-------
Melee: Unarmed           |    28 |    36 |     9 ||    73
       Peck              |     3 |     1 |     2 ||     6
       Kick              |     3 |     3 |     3 ||     9
 Cast: Shock             |    69 |    78 |    31 ||   178
       Lightning Bolt    |       |     8 |    12 ||    20
 Abil: Fly               |       |     1 |       ||     1
  Use: Scroll            |     5 |     4 |     4 ||    13
       Potion            |       |     1 |       ||     1
Armor: Robe              |    20 |     2 |     3 ||    25
       Skin              |       |    12 |       ||    12
Dodge: Dodged            |    43 |    36 |    55 ||   134

Table legend: (Time is in decaauts)
 A = Elapsed time spent in this place.
 B = Non-inter-level travel time spent in this place.
 C = Inter-level travel time spent in this place.
 D = Time resting spent in this place.
 E = Time spent auto-exploring this place.
 F = Levels seen in this place.
 G = Mean time per level.
                   A        B        C        D        E       F      G
               +--------+--------+--------+--------+--------+-----+--------+
         Total |   8078 |   7680 |    398 |   2114 |   4676 |   6 | 1346.3 |
       Dungeon |   8078 |   7680 |    398 |   2114 |   4676 |   6 | 1346.3 |
               +--------+--------+--------+--------+--------+-----+--------+

Top non-repeatable levels by time:
     D:4: 2778 daAuts
     D:3: 1669 daAuts
     D:1: 1257 daAuts
     D:5: 1186 daAuts
     D:2: 1087 daAuts
     D:6: 97 daAuts
